Red Wings vs Sharks

Created - 30 avril 2020 at 19:03

Goals
1 2 3 T
Red Wings 0 0 1 1
Sharks 0 2 1 3
Shots
1 2 3 T
Red Wings 4 5 10 19
Sharks 10 10 11 31

1st period

No Goal

Penalties :
Jeff Petry (DET) for Tripping (Minor) at 0:17

2nd period

1. Sharks , Teuvo Teravainen 1 (Sidney Crosby 1, Justin Braun 1) at 3:25
2. Sharks , Gabriel Landeskog 1 (Sidney Crosby 2) at 11:48

Penalties :
Mark Borowiecki (SJS) for Hooking (Minor) at 4:38

3rd period

3. Red Wings , Mark Scheifele 1 (Lars Eller 1) at 11:44
4. Sharks , Andreas Johnsson 1 (Justin Braun 2) at 19:24 (Empty Net)

Penalties :
Gabriel Landeskog (SJS) for Hooking (Minor) at 0:17, Noel Acciari (DET) for Goalie Interference (Minor) at 6:29, John Carlson (DET) for Roughing (Minor) at 12:16

Goalie Stats

Scott Wedgewood (DET), 28 saves from 30 shots - (0,933), L, 0-1-0, 59:38 minutes
Darcy Kuemper (SJS), 18 saves from 19 shots - (0,947), W, 1-0-0, 60:00 minutes

Players Stats for Red Wings

Player Name              G  A  P  +/- PIM S  H  SB GA TA FO     MP     PP MP  PK MP  
------------------------------------------------------------------------------------
Brandon Dubinsky         0  0  0   0  0   0  1  1  0  0  1/2     9:24   0:07   1:19 
Daniel Carr              0  0  0  -1  0   2  0  0  0  1  0/0    16:52   2:09   0:00 
Duncan Keith             0  0  0   0  0   1  1  2  0  2  0/0    19:46   1:40   2:43 
Dylan DeMelo             0  0  0  -1  0   1  0  3  0  1  0/0    11:37   0:00   1:32 
Jeff Petry               0  0  0   0  2   1  2  7  1  1  0/0    18:47   1:40   1:45 
John Carlson             0  0  0  -1  2   2  3  6  1  1  0/0    23:41   2:18   1:55 
Kasperi Kapanen          0  0  0  -2  0   2  1  2  0  0  3/13   23:06   2:09   1:47 
Lars Eller               0  1  1   1  0   3  0  0  0  0  2/3    22:19   1:42   2:51 
Mark Scheifele           1  0  1   0  0   3  1  1  1  0  11/20  22:01   1:49   2:51 
Matthew Nieto            0  0  0  -1  0   1  1  0  1  0  0/0    17:06   2:09   0:14 
Nick Bonino              0  0  0   0  0   0  2  0  2  0  2/4    24:12   1:42   1:47 
Noel Acciari             0  0  0  -1  2   1  1  0  0  0  0/0    12:58   0:00   0:00 
Oscar Lindberg           0  0  0  -1  0   0  2  0  0  0  0/0    12:06   0:00   0:00 
Sam Gagner               0  0  0  -1  0   1  2  0  0  0  2/5    13:57   0:07   1:05 
Sami Vatanen             0  0  0  -1  0   0  1  1  0  1  0/0    10:05   0:00   0:00 
Slater Koekkoek          0  0  0   0  0   0  0  0  0  0  0/0     4:52   0:00   0:00 
Steven Santini           0  0  0   0  0   0  1  1  0  0  0/0     5:54   0:00   0:45 
Zdeno Chara              0  0  0  -1  0   1  1  1  0  0  0/0    25:17   2:18   3:14 

Players Stats for Sharks

Player Name              G  A  P  +/- PIM S  H  SB GA TA FO     MP     PP MP  PK MP  
------------------------------------------------------------------------------------
Alex Pietrangelo         0  0  0   1  0   8  1  0  1  0  0/0    25:18   3:44   2:20 
Andreas Johnsson         1  0  1   1  0   1  0  0  0  0  0/0    11:50   0:00   0:00 
Boone Jenner             0  0  0   1  0   1  2  1  1  1  5/8    14:39   0:31   2:08 
Brandon Pirri            0  0  0   1  0   0  0  1  0  0  0/0    11:50   0:00   0:00 
Colton Sceviour          0  0  0  -1  0   1  3  0  1  0  0/0     8:41   0:00   2:09 
Dylan Larkin             0  0  0   1  0   2  3  0  0  0  5/12   18:46   2:48   0:00 
Gabriel Landeskog        1  0  1   1  2   3  2  0  1  0  2/2    18:44   3:09   0:00 
Jonathan Drouin          0  0  0   1  0   3  2  0  1  0  0/0    19:35   2:29   0:07 
Jonathan Huberdeau       0  0  0   1  0   0  1  2  0  1  0/4    18:18   3:05   0:22 
Juho Lammikko            0  0  0  -1  0   0  0  0  0  0  2/4     8:08   0:00   1:35 
Justin Braun             0  2  2   2  0   0  2  3  1  1  0/0    20:55   0:00   2:18 
Justin Faulk             0  0  0   1  0   2  3  0  0  1  0/0    22:11   2:13   1:38 
Mark Borowiecki          0  0  0  -1  2   1  3  1  0  0  0/0    13:35   0:00   1:00 
Michael Raffl            0  0  0  -1  0   0  0  0  0  0  0/0     8:08   0:00   1:35 
Shea Theodore            0  0  0  -1  0   2  0  0  0  1  0/0    16:15   3:44   0:00 
Sidney Crosby            0  2  2   1  0   1  0  0  0  1  11/15  18:58   3:24   0:00 
Teuvo Teravainen         1  0  1   1  0   4  1  0  0  0  1/2    18:23   2:25   0:00 
Zach Werenski            0  0  0   2  0   2  1  1  1  0  0/0    21:46   2:13   0:40 

3 Stars

1 - Justin Braun (SJS)
2 - Teuvo Teravainen (SJS)
3 - Andreas Johnsson (SJS)

Power Play

Red Wings - 0 on 2 Attempt(s) - 0,00%
Sharks - 0 on 3 Attempt(s) - 0,00%

Penalty Kill

Red Wings - 3 on 3 Attempt(s) - 100,00% - Score 0 goal in Penalty Kill
Sharks - 2 on 2 Attempt(s) - 100,00% - Score 0 goal in Penalty Kill

Team Stat

Red Wings - Hits : 20 - Faceoff Wins : 21 - Blocked Shots : 25 - Penalty Minutes : 6
Sharks - Hits : 24 - Faceoff Wins : 26 - Blocked Shots : 9 - Penalty Minutes : 4

Official

Referees : Mark Lemelin and Francis Charron
Linesman : Tony Sericolo and Michel Cormier

Game Notes

Andreas Johnsson has scored in a empty net!

Finance

Level 1 -- Attendance: 5968 (99,47%) -- Ticket Income 596 800 $
Level 2 -- Attendance: 5000 (100,00%) -- Ticket Income 300 000 $
Level 3 -- Attendance: 2000 (100,00%) -- Ticket Income 70 000 $
Level 4 -- Attendance: 4000 (100,00%) -- Ticket Income 80 000 $
Luxury Box -- Attendance: 837 (83,70%) -- Ticket Income 167 400 $
Game was played at the Wananiche.
Total Attendance: 17805 (98,92%)
Total Ticket Income: 1 214 200 $
Other Income: 594 958 $
Total Income: 1 809 158 $

Red Wings

5 vs 5 Forward 
   Center                   Left Wing                Right Wing               Time % Phy DF OF 
 1 Mark Scheifele           Nick Bonino              Lars Eller               40     1   2  2  
 2 Kasperi Kapanen          Daniel Carr              Matthew Nieto            30     1   2  2  
 3 Nick Bonino              Kasperi Kapanen          Brandon Dubinsky         20     1   2  2  
 4 Sam Gagner               Oscar Lindberg           Noel Acciari             10     1   2  2  

5 vs 5 Defense 
   Defense                  Defense                                           Time % Phy DF OF 
 1 John Carlson             Zdeno Chara                                       40     1   2  2  
 2 Jeff Petry               Duncan Keith                                      30     1   2  2  
 3 Sami Vatanen             Dylan DeMelo                                      20     1   2  2  
 4 Steven Santini           Slater Koekkoek                                   10     1   2  2  

PowerPlay Forward 
   Center                   Left Wing                Right Wing               Time % Phy DF OF 
 1 Mark Scheifele           Nick Bonino              Lars Eller               60     1   2  2  
 2 Kasperi Kapanen          Daniel Carr              Matthew Nieto            40     1   2  2  

PowerPlay Defense
   Defense                  Defense                                           Time % Phy DF OF 
 1 John Carlson             Zdeno Chara                                       60     1   2  2  
 2 Jeff Petry               Duncan Keith                                      40     1   2  2  

Penalty Kill 4 Players Forward 
   Center                   Wing                     Time % Phy DF OF 
 1 Mark Scheifele           Lars Eller               60     1   2  2  
 2 Kasperi Kapanen          Nick Bonino              40     1   2  2  

Penalty Kill 4 Players Defense
   Defense                  Defense                  Time % Phy DF OF 
 1 John Carlson             Zdeno Chara              60     1   2  2  
 2 Jeff Petry               Duncan Keith             40     1   2  2  

Penalty Kill - 3 Players Forward 
   Forward                                           Time % Phy DF OF 
 1 Mark Scheifele                                    60     1   2  2  
 2 Nick Bonino                                       40     1   2  2  

Penalty Kill - 3 Players Defense
   Defense                  Defense                  Time % Phy DF OF 
 1 John Carlson             Zdeno Chara              60     1   2  2  
 2 Jeff Petry               Duncan Keith             40     1   2  2  

4 vs 4 Forward 
   Center                   Wing                     Time % Phy DF OF 
 1 Mark Scheifele           Lars Eller               60     1   2  2  
 2 Sam Gagner               Nick Bonino              40     1   2  2  

4 vs 4 Defense
   Defense                  Defense                  Time % Phy DF OF 
 1 John Carlson             Zdeno Chara              60     1   2  2  
 2 Jeff Petry               Duncan Keith             40     1   2  2  

Last Minutes Offensive
   Center                   Left Wing                Right Wing               Defense                  Defense                  
   Mark Scheifele           Nick Bonino              Lars Eller               John Carlson             Zdeno Chara              

Last Minutes Defensive
   Center                   Left Wing                Right Wing               Defense                  Defense                  
   Mark Scheifele           Nick Bonino              Lars Eller               John Carlson             Zdeno Chara              

Goaltenders
Starting : Scott Wedgewood          
Backup : Carter Hart              

Extra Forwards
Normal : Kasperi Kapanen, Brandon Dubinsky, Sam Gagner - PP : Kasperi Kapanen, Brandon Dubinsky - PK : Sam Gagner
Extra Defensemen
Normal : Sami Vatanen, Dylan DeMelo, Steven Santini - PP : Sami Vatanen - PK : Dylan DeMelo, Steven Santini
Penalty Shots
Mark Scheifele, Brandon Dubinsky, Kasperi Kapanen, Nick Bonino, Lars Eller
Custom OT Lines Forwards
Mark Scheifele, Noel Acciari, Oscar Lindberg, Nick Bonino, Lars Eller, Daniel Carr, Matthew Nieto, Kasperi Kapanen, Brandon Dubinsky, Sam Gagner
Custom OT Lines Defensemen
John Carlson, Zdeno Chara, Jeff Petry, Duncan Keith, Sami Vatanen

Scratches
David Pastrnak (Healthy), John Tavares (Healthy), Marc-Andre Fleury (Suspend)

Sharks

5 vs 5 Forward 
   Center                   Left Wing                Right Wing               Time % Phy DF OF 
 1 Sidney Crosby            Gabriel Landeskog        Jonathan Huberdeau       38     1   1  3  
 2 Dylan Larkin             Teuvo Teravainen         Jonathan Drouin          35     1   1  3  
 3 Boone Jenner             Andreas Johnsson         Brandon Pirri            24     1   1  3  
 4 Juho Lammikko            Colton Sceviour          Michael Raffl            3      1   2  2  

5 vs 5 Defense 
   Defense                  Defense                                           Time % Phy DF OF 
 1 Alex Pietrangelo         Justin Faulk                                      38     1   2  2  
 2 Zach Werenski            Justin Braun                                      38     1   2  2  
 3 Mark Borowiecki          Shea Theodore                                     24     1   2  2  
 4 Mark Borowiecki          Alex Pietrangelo                                  0      0   3  2  

PowerPlay Forward 
   Center                   Left Wing                Right Wing               Time % Phy DF OF 
 1 Sidney Crosby            Jonathan Huberdeau       Dylan Larkin             60     0   2  3  
 2 Gabriel Landeskog        Teuvo Teravainen         Jonathan Huberdeau       40     0   2  3  

PowerPlay Defense
   Defense                  Defense                                           Time % Phy DF OF 
 1 Alex Pietrangelo         Shea Theodore                                     60     0   2  3  
 2 Zach Werenski            Justin Faulk                                      40     0   2  3  

Penalty Kill 4 Players Forward 
   Center                   Wing                     Time % Phy DF OF 
 1 Boone Jenner             Colton Sceviour          55     0   4  1  
 2 Juho Lammikko            Michael Raffl            45     0   4  1  

Penalty Kill 4 Players Defense
   Defense                  Defense                  Time % Phy DF OF 
 1 Mark Borowiecki          Alex Pietrangelo         55     0   5  0  
 2 Justin Braun             Justin Faulk             45     0   5  0  

Penalty Kill - 3 Players Forward 
   Forward                                           Time % Phy DF OF 
 1 Boone Jenner                                      55     0   5  0  
 2 Colton Sceviour                                   45     0   5  0  

Penalty Kill - 3 Players Defense
   Defense                  Defense                  Time % Phy DF OF 
 1 Alex Pietrangelo         Justin Faulk             55     0   5  0  
 2 Justin Braun             Mark Borowiecki          45     0   5  0  

4 vs 4 Forward 
   Center                   Wing                     Time % Phy DF OF 
 1 Sidney Crosby            Jonathan Huberdeau       55     0   2  3  
 2 Gabriel Landeskog        Dylan Larkin             45     0   2  3  

4 vs 4 Defense
   Defense                  Defense                  Time % Phy DF OF 
 1 Alex Pietrangelo         Justin Faulk             55     0   2  3  
 2 Mark Borowiecki          Justin Braun             45     0   2  3  

Last Minutes Offensive
   Center                   Left Wing                Right Wing               Defense                  Defense                  
   Sidney Crosby            Jonathan Huberdeau       Gabriel Landeskog        Alex Pietrangelo         Justin Braun             

Last Minutes Defensive
   Center                   Left Wing                Right Wing               Defense                  Defense                  
   Boone Jenner             Jonathan Huberdeau       Gabriel Landeskog        Alex Pietrangelo         Justin Braun             

Goaltenders
Starting : Darcy Kuemper            
Backup : Jake Allen               

Extra Forwards
Normal : Jonathan Drouin, Sidney Crosby, Jonathan Huberdeau - PP : Sidney Crosby, Gabriel Landeskog - PK : Michael Raffl
Extra Defensemen
Normal : Alex Pietrangelo, Zach Werenski, Justin Faulk - PP : Alex Pietrangelo - PK : Justin Braun, Alex Pietrangelo
Penalty Shots
Sidney Crosby, Jonathan Huberdeau, Gabriel Landeskog, Dylan Larkin, Teuvo Teravainen
Custom OT Lines Forwards
Sidney Crosby, Jonathan Huberdeau, Gabriel Landeskog, Dylan Larkin, Teuvo Teravainen, Boone Jenner, Jonathan Drouin, Colton Sceviour, Michael Raffl, Andreas Johnsson
Custom OT Lines Defensemen
Alex Pietrangelo, Justin Braun, Zach Werenski, Justin Faulk, Mark Borowiecki

Scratches
Mirco Mueller (Healthy)

% Time on Ice - Red Wings

Lines # - Real PCT - Wanted PCT - Time Play
Normal Forward
1 - 34% - 40% - 16:58
2 - 32% - 30% - 16:04
3 - 9% - 20% - 4:30
4 - 24% - 10% - 12:06
Normal Defense
1 - 39% - 40% - 19:18
2 - 31% - 30% - 15:23
3 - 20% - 20% - 10:05
4 - 10% - 10% - 4:52
PP Forward
1 - 46% - 60% - 1:49
2 - 54% - 40% - 2:09
PP Defense
1 - 58% - 60% - 2:18
2 - 42% - 40% - 1:40
PK Forward
1 - 70% - 60% - 4:10
2 - 30% - 40% - 1:47
PK Defense
1 - 54% - 60% - 3:14
2 - 46% - 40% - 2:43
PK3 Forward
1 - 0% - 60%
2 - 0% - 40%
PK3 Defense
1 - 0% - 60%
2 - 0% - 40%
44 Forward
1 - 0% - 60%
2 - 0% - 40%
44 Defense
1 - 0% - 60%
2 - 0% - 40%
Last Minute Offensive  - 0:27
Last Minute Defensive  - 0:00
Total
Forward - 60:00
Defense - 60:00

% Time on Ice - Sharks

Lines # - Real PCT - Wanted PCT - Time Play
Normal Forward
1 - 31% - 38% - 15:44
2 - 32% - 35% - 15:59
3 - 24% - 24% - 11:50
4 - 13% - 3% - 6:32
Normal Defense
1 - 36% - 38% - 18:13
2 - 39% - 38% - 19:17
3 - 23% - 24% - 11:34
4 - 2% - 0% - 1:01
PP Forward
1 - 59% - 60% - 3:32
2 - 41% - 40% - 2:25
PP Defense
1 - 63% - 60% - 3:44
2 - 37% - 40% - 2:13
PK Forward
1 - 60% - 55% - 2:23
2 - 40% - 45% - 1:35
PK Defense
1 - 59% - 55% - 2:20
2 - 41% - 45% - 1:38
PK3 Forward
1 - 0% - 55%
2 - 0% - 45%
PK3 Defense
1 - 0% - 55%
2 - 0% - 45%
44 Forward
1 - 0% - 55%
2 - 0% - 45%
44 Defense
1 - 0% - 55%
2 - 0% - 45%
Last Minute Offensive  - 0:00
Last Minute Defensive  - 0:00
Total
Forward - 60:00
Defense - 60:00

Play-by-Play

1st period


0:01 of 1st period - Sidney Crosby wins face-off versus Mark Scheifele in neutral zone.
0:06 of 1st period - Slapshot by Sidney Crosby.
0:06 of 1st period - Shot Misses the Net.
0:08 of 1st period - Slapshot by Alex Pietrangelo.
0:08 of 1st period - Shot Misses the Net.
0:10 of 1st period - Wrist shot by Jonathan Huberdeau.
0:10 of 1st period - Deflect By Sidney Crosby.
0:10 of 1st period - Shot Blocked by John Carlson.
0:10 of 1st period - Puck is out of play.
0:11 of 1st period - Teuvo Teravainen wins face-off versus Kasperi Kapanen in Red Wings zone.
0:17 of 1st period - Minor Penalty to Jeff Petry for Tripping.
0:18 of 1st period - Lars Eller wins face-off versus Jonathan Huberdeau in Red Wings zone.
0:32 of 1st period - Slapshot by Jonathan Huberdeau.
0:32 of 1st period - Shot Blocked by John Carlson.
0:44 of 1st period - Teuvo Teravainen is hit by Zdeno Chara and loses puck.
0:59 of 1st period - Zdeno Chara is hit by Justin Faulk and loses puck.
1:15 of 1st period - Slapshot by Nick Bonino.
1:15 of 1st period - Shot Misses the Net.
2:17 of 1st period - Penalty to Jeff Petry is over, Jeff Petry is back on ice.
2:26 of 1st period - Slapshot by Zach Werenski.
2:26 of 1st period - Stopped by Scott Wedgewood with a rebound.
3:37 of 1st period - Zach Werenski is hit by Nick Bonino and loses puck.
3:48 of 1st period - Slapshot by Zach Werenski.
3:48 of 1st period - Shot Hit the Post.
5:00 of 1st period - Teuvo Teravainen is hit by Oscar Lindberg and loses puck.
5:11 of 1st period - Daniel Carr is hit by Jonathan Huberdeau and loses puck.
5:30 of 1st period - Zdeno Chara is hit by Colton Sceviour and loses puck.
5:54 of 1st period - Matthew Nieto is hit by Jonathan Drouin.
6:06 of 1st period - Noel Acciari is hit by Gabriel Landeskog and loses puck.
6:49 of 1st period - Brandon Dubinsky is hit by Mark Borowiecki and loses puck.
7:10 of 1st period - Oscar Lindberg is hit by Boone Jenner and loses puck.
7:27 of 1st period - Justin Braun is hit by Kasperi Kapanen and loses puck.
7:34 of 1st period - Jeff Petry is hit by Colton Sceviour and loses puck.
7:45 of 1st period - Nick Bonino is hit by Mark Borowiecki and loses puck.
8:28 of 1st period - Dylan Larkin is hit by Steven Santini and loses puck.
9:04 of 1st period - Slapshot by Alex Pietrangelo.
9:04 of 1st period - Stopped by Scott Wedgewood without a rebound.
9:05 of 1st period - Sidney Crosby wins face-off versus Sam Gagner in Red Wings zone.
11:24 of 1st period - Wrist shot by Dylan Larkin.
11:24 of 1st period - Stopped by Scott Wedgewood without a rebound.
11:25 of 1st period - Sam Gagner wins face-off versus Dylan Larkin in Red Wings zone.
11:25 of 1st period - Sam Gagner is hit by Justin Faulk.
12:20 of 1st period - Snap shot by Boone Jenner.
12:20 of 1st period - Shot Misses the Net.
12:22 of 1st period - Wrist shot by Andreas Johnsson.
12:22 of 1st period - Shot Misses the Net.
13:35 of 1st period - Snap shot by Brandon Pirri.
13:35 of 1st period - Shot Blocked by Steven Santini.
14:05 of 1st period - Slapshot by Alex Pietrangelo.
14:05 of 1st period - Stopped by Scott Wedgewood without a rebound.
14:06 of 1st period - Mark Scheifele wins face-off versus Juho Lammikko in Red Wings zone.
14:13 of 1st period - Snap shot by Lars Eller.
14:13 of 1st period - Stopped by Darcy Kuemper with a rebound.
14:21 of 1st period - Slapshot by Alex Pietrangelo.
14:21 of 1st period - Stopped by Scott Wedgewood with a rebound.
14:52 of 1st period - Justin Faulk is hit by Sam Gagner and loses puck.
15:25 of 1st period - Snap shot by Teuvo Teravainen.
15:25 of 1st period - Stopped by Scott Wedgewood with a rebound.
15:27 of 1st period - Slapshot by Justin Faulk.
15:27 of 1st period - Stopped by Scott Wedgewood without a rebound.
15:28 of 1st period - Mark Scheifele wins face-off versus Dylan Larkin in Red Wings zone.
15:49 of 1st period - Snap shot by Teuvo Teravainen.
15:49 of 1st period - Deflect By Lars Eller.
15:49 of 1st period - Shot Misses the Net.
15:49 of 1st period - Puck is out of play.
15:50 of 1st period - Sidney Crosby wins face-off versus Kasperi Kapanen in Red Wings zone.
16:17 of 1st period - Wrist shot by Andreas Johnsson.
16:17 of 1st period - Shot Blocked by Kasperi Kapanen.
16:33 of 1st period - Backhand shot by Kasperi Kapanen.
16:33 of 1st period - Stopped by Darcy Kuemper with a rebound.
16:35 of 1st period - Snap shot by Daniel Carr.
16:35 of 1st period - Shot Blocked by Zach Werenski.
16:37 of 1st period - Wrist shot by Daniel Carr.
16:37 of 1st period - Stopped by Darcy Kuemper without a rebound.
16:38 of 1st period - Sidney Crosby wins face-off versus Mark Scheifele in Sharks zone.
17:11 of 1st period - Dylan Larkin is hit by Noel Acciari and loses puck.
18:05 of 1st period - Slapshot by Colton Sceviour.
18:05 of 1st period - Stopped by Scott Wedgewood with a rebound.
18:07 of 1st period - Slapshot by Alex Pietrangelo.
18:07 of 1st period - Stopped by Scott Wedgewood without a rebound.
18:08 of 1st period - Mark Scheifele wins face-off versus Teuvo Teravainen in Red Wings zone.
18:13 of 1st period - Wrist shot by Teuvo Teravainen.
18:13 of 1st period - Shot Blocked by John Carlson.
18:15 of 1st period - Slapshot by Alex Pietrangelo.
18:15 of 1st period - Shot Misses the Net.
18:17 of 1st period - Slapshot by Justin Faulk.
18:17 of 1st period - Deflect By Teuvo Teravainen.
18:17 of 1st period - Shot Blocked by John Carlson.
18:17 of 1st period - Puck is out of play.
18:18 of 1st period - Mark Scheifele wins face-off versus Dylan Larkin in Red Wings zone.
18:18 of 1st period - Mark Scheifele is hit by Alex Pietrangelo.
18:42 of 1st period - Wrist shot by Teuvo Teravainen.
18:42 of 1st period - Stopped by Scott Wedgewood without a rebound.
18:43 of 1st period - Kasperi Kapanen wins face-off versus Sidney Crosby in Red Wings zone.
19:16 of 1st period - Snap shot by Kasperi Kapanen.
19:16 of 1st period - Stopped by Darcy Kuemper without a rebound.
19:17 of 1st period - Dylan Larkin wins face-off versus Mark Scheifele in Sharks zone.
19:57 of 1st period - Snap shot by Mark Scheifele.
19:57 of 1st period - Shot Misses the Net.
Goals for this period are 0 for Red Wings vs 0 for Sharks.
Shots for this period are 4 for Red Wings vs 10 for Sharks.

2nd period


0:01 of 2nd period - Nick Bonino wins face-off versus Sidney Crosby in neutral zone.
0:12 of 2nd period - Slapshot by John Carlson.
0:12 of 2nd period - Shot Blocked by Jonathan Huberdeau.
0:26 of 2nd period - Zach Werenski is hit by Sam Gagner and loses puck.
0:31 of 2nd period - Wrist shot by Sam Gagner.
0:31 of 2nd period - Shot Misses the Net.
0:39 of 2nd period - Jeff Petry is hit by Zach Werenski and loses puck.
0:54 of 2nd period - Snap shot by Mark Scheifele.
0:54 of 2nd period - Shot Misses the Net.
0:56 of 2nd period - Slapshot by Dylan DeMelo.
0:56 of 2nd period - Deflect By Justin Faulk.
0:56 of 2nd period - Stopped by Darcy Kuemper without a rebound.
0:57 of 2nd period - Sidney Crosby wins face-off versus Kasperi Kapanen in Sharks zone.
1:43 of 2nd period - Wrist shot by Boone Jenner.
1:43 of 2nd period - Shot Misses the Net.
2:27 of 2nd period - Snap shot by Mark Scheifele.
2:27 of 2nd period - Stopped by Darcy Kuemper with a rebound.
3:25 of 2nd period - Slapshot by Teuvo Teravainen.
3:25 of 2nd period - Goal by Teuvo Teravainen - Red Wings : 0 - Sharks : 1.
3:26 of 2nd period - Gabriel Landeskog wins face-off versus Nick Bonino in neutral zone.
3:29 of 2nd period - Snap shot by Sidney Crosby.
3:29 of 2nd period - Stopped by Scott Wedgewood with a rebound.
3:52 of 2nd period - Jeff Petry is hit by Dylan Larkin.
4:14 of 2nd period - Wrist shot by Daniel Carr.
4:14 of 2nd period - Shot Blocked by Brandon Pirri.
4:20 of 2nd period - Dylan DeMelo is hit by Justin Braun and loses puck.
4:38 of 2nd period - Minor Penalty to Mark Borowiecki for Hooking.
4:39 of 2nd period - Mark Scheifele wins face-off versus Boone Jenner in Sharks zone.
5:18 of 2nd period - Icing by Kasperi Kapanen.
5:19 of 2nd period - Boone Jenner wins face-off versus Kasperi Kapanen in Red Wings zone.
5:34 of 2nd period - Snap shot by Daniel Carr.
5:34 of 2nd period - Shot Misses the Net.
5:36 of 2nd period - Slapshot by Zdeno Chara.
5:36 of 2nd period - Deflect By Kasperi Kapanen.
5:36 of 2nd period - Shot Misses the Net.
5:36 of 2nd period - Puck is out of play.
5:37 of 2nd period - Boone Jenner wins face-off versus Mark Scheifele in Sharks zone.
6:12 of 2nd period - Wrist shot by Jeff Petry.
6:12 of 2nd period - Shot Blocked by Justin Braun.
6:23 of 2nd period - Icing by Matthew Nieto.
6:24 of 2nd period - Juho Lammikko wins face-off versus Kasperi Kapanen in Red Wings zone.
6:35 of 2nd period - Snap shot by Zach Werenski.
6:35 of 2nd period - Stopped by Scott Wedgewood with a rebound.
6:38 of 2nd period - Penalty to Mark Borowiecki is over, Mark Borowiecki is back on ice.
6:42 of 2nd period - Icing by Duncan Keith.
6:43 of 2nd period - Kasperi Kapanen wins face-off versus Sidney Crosby in Red Wings zone.
7:00 of 2nd period - Wrist shot by Daniel Carr.
7:00 of 2nd period - Shot Blocked by Jonathan Huberdeau.
7:33 of 2nd period - Brandon Pirri is hit by Oscar Lindberg and loses puck.
7:40 of 2nd period - Oscar Lindberg is hit by Boone Jenner and loses puck.
8:30 of 2nd period - Snap shot by Teuvo Teravainen.
8:30 of 2nd period - Shot Misses the Net.
8:32 of 2nd period - Snap shot by Jonathan Drouin.
8:32 of 2nd period - Shot Blocked by Dylan DeMelo.
8:34 of 2nd period - Wrist shot by Teuvo Teravainen.
8:34 of 2nd period - Shot Blocked by Kasperi Kapanen.
8:36 of 2nd period - Wrist shot by Jonathan Drouin.
8:36 of 2nd period - Stopped by Scott Wedgewood with a rebound.
8:38 of 2nd period - Wrist shot by Jonathan Drouin.
8:38 of 2nd period - Shot Blocked by Brandon Dubinsky.
8:40 of 2nd period - Slapshot by Justin Faulk.
8:40 of 2nd period - Shot Blocked by Dylan DeMelo.
8:42 of 2nd period - Slapshot by Alex Pietrangelo.
8:42 of 2nd period - Deflect By Teuvo Teravainen.
8:42 of 2nd period - Shot Misses the Net.
8:42 of 2nd period - Puck is out of play.
8:43 of 2nd period - Sam Gagner wins face-off versus Jonathan Huberdeau in Red Wings zone.
8:50 of 2nd period - Snap shot by Sam Gagner.
8:50 of 2nd period - Shot Hit the Post.
8:54 of 2nd period - Slapshot by John Carlson.
8:54 of 2nd period - Stopped by Darcy Kuemper with a rebound.
8:56 of 2nd period - Slapshot by Zdeno Chara.
8:56 of 2nd period - Shot Blocked by Justin Braun.
8:58 of 2nd period - Snap shot by Noel Acciari.
8:58 of 2nd period - Stopped by Darcy Kuemper without a rebound.
8:59 of 2nd period - Dylan Larkin wins face-off versus Mark Scheifele in Sharks zone.
8:59 of 2nd period - Dylan Larkin is hit by Mark Scheifele.
9:05 of 2nd period - Nick Bonino is hit by Teuvo Teravainen and loses puck.
9:16 of 2nd period - Snap shot by Teuvo Teravainen.
9:16 of 2nd period - Shot Blocked by John Carlson.
10:20 of 2nd period - Wrist shot by Andreas Johnsson.
10:20 of 2nd period - Shot Blocked by Mark Scheifele.
11:13 of 2nd period - Snap shot by Boone Jenner.
11:13 of 2nd period - Shot Misses the Net.
11:29 of 2nd period - Dylan Larkin is hit by John Carlson and loses puck.
11:44 of 2nd period - Slapshot by Gabriel Landeskog.
11:44 of 2nd period - Stopped by Scott Wedgewood without a rebound.
11:45 of 2nd period - Sidney Crosby wins face-off versus Kasperi Kapanen in Red Wings zone.
11:46 of 2nd period - Snap shot by Jonathan Huberdeau.
11:46 of 2nd period - Deflect By Sidney Crosby.
11:46 of 2nd period - Shot Misses the Net.
11:46 of 2nd period - Puck is out of play.
11:47 of 2nd period - Sidney Crosby wins face-off versus Kasperi Kapanen in Red Wings zone.
11:48 of 2nd period - Snap shot by Gabriel Landeskog.
11:48 of 2nd period - Goal by Gabriel Landeskog - Red Wings : 0 - Sharks : 2.
11:49 of 2nd period - Mark Scheifele wins face-off versus Jonathan Huberdeau in neutral zone.
12:21 of 2nd period - Alex Pietrangelo is hit by Matthew Nieto and loses puck.
12:39 of 2nd period - Snap shot by Alex Pietrangelo.
12:39 of 2nd period - Stopped by Scott Wedgewood with a rebound.
12:43 of 2nd period - Wrist shot by Boone Jenner.
12:43 of 2nd period - Shot Blocked by Jeff Petry.
12:45 of 2nd period - Slapshot by Justin Faulk.
12:45 of 2nd period - Stopped by Scott Wedgewood with a rebound.
12:47 of 2nd period - Slapshot by Alex Pietrangelo.
12:47 of 2nd period - Stopped by Scott Wedgewood without a rebound.
12:48 of 2nd period - Mark Scheifele wins face-off versus Sidney Crosby in Red Wings zone.
13:22 of 2nd period - Slapshot by Daniel Carr.
13:22 of 2nd period - Stopped by Darcy Kuemper without a rebound.
13:23 of 2nd period - Nick Bonino wins face-off versus Dylan Larkin in Sharks zone.
13:32 of 2nd period - Jonathan Drouin is hit by Brandon Dubinsky and loses puck.
14:18 of 2nd period - Snap shot by Boone Jenner.
14:18 of 2nd period - Shot Blocked by John Carlson.
14:36 of 2nd period - Kasperi Kapanen is hit by Mark Borowiecki and loses puck.
15:05 of 2nd period - Alex Pietrangelo is hit by Jeff Petry and loses puck.
16:03 of 2nd period - Slapshot by Mark Scheifele.
16:03 of 2nd period - Shot Misses the Net.
16:31 of 2nd period - Slater Koekkoek is hit by Justin Faulk and loses puck.
17:35 of 2nd period - Wrist shot by Sidney Crosby.
17:35 of 2nd period - Deflect By Dylan DeMelo.
17:35 of 2nd period - Shot Misses the Net.
17:35 of 2nd period - Puck is out of play.
17:36 of 2nd period - Dylan Larkin wins face-off versus Sam Gagner in Red Wings zone.
17:47 of 2nd period - Snap shot by Teuvo Teravainen.
17:47 of 2nd period - Stopped by Scott Wedgewood with a rebound.
19:06 of 2nd period - Justin Braun is hit by Duncan Keith and loses puck.
19:52 of 2nd period - Kasperi Kapanen is hit by Gabriel Landeskog.
Goals for this period are 0 for Red Wings vs 2 for Sharks.
Shots for this period are 5 for Red Wings vs 10 for Sharks.

3rd period


0:01 of 3rd period - Sidney Crosby wins face-off versus Nick Bonino in neutral zone.
0:17 of 3rd period - Minor Penalty to Gabriel Landeskog for Hooking.
0:18 of 3rd period - Mark Scheifele wins face-off versus Boone Jenner in Sharks zone.
0:34 of 3rd period - Slapshot by John Carlson.
0:34 of 3rd period - Stopped by Darcy Kuemper with a rebound.
0:56 of 3rd period - Snap shot by Justin Faulk.
0:56 of 3rd period - Shot Blocked by Zdeno Chara.
1:22 of 3rd period - Kasperi Kapanen is hit by Justin Braun and loses puck.
1:53 of 3rd period - Michael Raffl is hit by John Carlson and loses puck.
2:17 of 3rd period - Penalty to Gabriel Landeskog is over, Gabriel Landeskog is back on ice.
2:26 of 3rd period - Jonathan Drouin is hit by Sami Vatanen and loses puck.
2:52 of 3rd period - Wrist shot by Sidney Crosby.
2:52 of 3rd period - Shot Misses the Net.
2:54 of 3rd period - Wrist shot by Gabriel Landeskog.
2:54 of 3rd period - Shot Blocked by Dylan DeMelo.
2:56 of 3rd period - Slapshot by Mark Borowiecki.
2:56 of 3rd period - Shot Blocked by Sami Vatanen.
3:12 of 3rd period - Lars Eller is hit by Dylan Larkin and loses puck.
3:54 of 3rd period - Snap shot by Boone Jenner.
3:54 of 3rd period - Stopped by Scott Wedgewood without a rebound.
3:55 of 3rd period - Dylan Larkin wins face-off versus Kasperi Kapanen in Red Wings zone.
4:57 of 3rd period - Snap shot by Dylan Larkin.
4:57 of 3rd period - Stopped by Scott Wedgewood without a rebound.
4:58 of 3rd period - Gabriel Landeskog wins face-off versus Kasperi Kapanen in Red Wings zone.
5:31 of 3rd period - Slapshot by Jeff Petry.
5:31 of 3rd period - Stopped by Darcy Kuemper without a rebound.
5:32 of 3rd period - Lars Eller wins face-off versus Dylan Larkin in Sharks zone.
5:37 of 3rd period - Snap shot by Mark Scheifele.
5:37 of 3rd period - Shot Blocked by Mark Borowiecki.
5:39 of 3rd period - Wrist shot by Lars Eller.
5:39 of 3rd period - Stopped by Darcy Kuemper with a rebound.
5:41 of 3rd period - Slapshot by Zdeno Chara.
5:41 of 3rd period - Stopped by Darcy Kuemper without a rebound.
5:42 of 3rd period - Mark Scheifele wins face-off versus Dylan Larkin in Sharks zone.
6:09 of 3rd period - Slapshot by Daniel Carr.
6:09 of 3rd period - Shot Misses the Net.
6:11 of 3rd period - Slapshot by Duncan Keith.
6:11 of 3rd period - Stopped by Darcy Kuemper with a rebound.
6:13 of 3rd period - Snap shot by Jeff Petry.
6:13 of 3rd period - Shot Misses the Net.
6:27 of 3rd period - Wrist shot by Jonathan Drouin.
6:27 of 3rd period - Shot Blocked by Jeff Petry.
6:29 of 3rd period - Minor Penalty to Noel Acciari for Goalie Interference.
6:30 of 3rd period - Mark Scheifele wins face-off versus Jonathan Huberdeau in Red Wings zone.
7:22 of 3rd period - Justin Faulk is hit by Jeff Petry and loses puck.
8:27 of 3rd period - Slapshot by Alex Pietrangelo.
8:27 of 3rd period - Shot Misses the Net.
8:29 of 3rd period - Penalty to Noel Acciari is over, Noel Acciari is back on ice.
8:29 of 3rd period - Slapshot by Shea Theodore.
8:29 of 3rd period - Shot Blocked by Duncan Keith.
8:31 of 3rd period - Slapshot by Shea Theodore.
8:31 of 3rd period - Stopped by Scott Wedgewood with a rebound.
8:33 of 3rd period - Slapshot by Alex Pietrangelo.
8:33 of 3rd period - Shot Blocked by Duncan Keith.
8:45 of 3rd period - Slapshot by Alex Pietrangelo.
8:45 of 3rd period - Shot Blocked by Jeff Petry.
8:47 of 3rd period - Slapshot by Shea Theodore.
8:47 of 3rd period - Stopped by Scott Wedgewood with a rebound.
8:49 of 3rd period - Wrist shot by Alex Pietrangelo.
8:49 of 3rd period - Shot Blocked by Jeff Petry.
8:51 of 3rd period - Wrist shot by Jonathan Drouin.
8:51 of 3rd period - Stopped by Scott Wedgewood with a rebound.
8:53 of 3rd period - Slapshot by Shea Theodore.
8:53 of 3rd period - Shot Blocked by Jeff Petry.
8:55 of 3rd period - Slapshot by Alex Pietrangelo.
8:55 of 3rd period - Shot Misses the Net.
8:59 of 3rd period - Snap shot by Sidney Crosby.
8:59 of 3rd period - Shot Blocked by Jeff Petry.
9:07 of 3rd period - Slapshot by Sidney Crosby.
9:07 of 3rd period - Shot Misses the Net.
9:09 of 3rd period - Slapshot by Alex Pietrangelo.
9:09 of 3rd period - Shot Misses the Net.
9:11 of 3rd period - Wrist shot by Sidney Crosby.
9:11 of 3rd period - Shot Misses the Net.
9:13 of 3rd period - Snap shot by Jonathan Drouin.
9:13 of 3rd period - Stopped by Scott Wedgewood with a rebound.
9:15 of 3rd period - Slapshot by Alex Pietrangelo.
9:15 of 3rd period - Shot Blocked by Jeff Petry.
9:17 of 3rd period - Snap shot by Gabriel Landeskog.
9:17 of 3rd period - Stopped by Scott Wedgewood with a rebound.
9:19 of 3rd period - Slapshot by Alex Pietrangelo.
9:19 of 3rd period - Stopped by Scott Wedgewood with a rebound.
9:21 of 3rd period - Slapshot by Shea Theodore.
9:21 of 3rd period - Deflect By Sidney Crosby.
9:21 of 3rd period - Shot Misses the Net.
9:21 of 3rd period - Puck is out of play.
9:22 of 3rd period - Mark Scheifele wins face-off versus Boone Jenner in Red Wings zone.
9:27 of 3rd period - Snap shot by Lars Eller.
9:27 of 3rd period - Stopped by Darcy Kuemper with a rebound.
10:04 of 3rd period - Wrist shot by Matthew Nieto.
10:04 of 3rd period - Stopped by Darcy Kuemper without a rebound.
10:05 of 3rd period - Juho Lammikko wins face-off versus Mark Scheifele in Sharks zone.
10:15 of 3rd period - Lars Eller is hit by Colton Sceviour and loses puck.
10:33 of 3rd period - Snap shot by Daniel Carr.
10:33 of 3rd period - Deflect By Kasperi Kapanen.
10:33 of 3rd period - Shot Misses the Net.
10:33 of 3rd period - Puck is out of play.
10:34 of 3rd period - Boone Jenner wins face-off versus Sam Gagner in Sharks zone.
10:59 of 3rd period - Boone Jenner is hit by Nick Bonino.
11:05 of 3rd period - Wrist shot by Alex Pietrangelo.
11:05 of 3rd period - Stopped by Scott Wedgewood with a rebound.
11:11 of 3rd period - Snap shot by Boone Jenner.
11:11 of 3rd period - Shot Misses the Net.
11:13 of 3rd period - Slapshot by Mark Borowiecki.
11:13 of 3rd period - Stopped by Scott Wedgewood without a rebound.
11:14 of 3rd period - Kasperi Kapanen wins face-off versus Dylan Larkin in Red Wings zone.
11:21 of 3rd period - Wrist shot by Dylan Larkin.
11:21 of 3rd period - Shot Misses the Net.
11:29 of 3rd period - Wrist shot by Kasperi Kapanen.
11:29 of 3rd period - Shot Blocked by Justin Braun.
11:44 of 3rd period - Slapshot by Mark Scheifele.
11:44 of 3rd period - Goal by Mark Scheifele - Red Wings : 1 - Sharks : 2.
11:45 of 3rd period - Sidney Crosby wins face-off versus Lars Eller in neutral zone.
12:16 of 3rd period - Minor Penalty to John Carlson for Roughing.
12:17 of 3rd period - Sidney Crosby wins face-off versus Mark Scheifele in Red Wings zone.
13:20 of 3rd period - Jeff Petry is hit by Jonathan Drouin and loses puck.
14:16 of 3rd period - Penalty to John Carlson is over, John Carlson is back on ice.
14:44 of 3rd period - Wrist shot by Sam Gagner.
14:44 of 3rd period - Shot Blocked by Boone Jenner.
14:55 of 3rd period - Off-side.
14:56 of 3rd period - Brandon Dubinsky wins face-off versus Juho Lammikko in neutral zone.
15:20 of 3rd period - Lars Eller is hit by Dylan Larkin and loses puck.
15:33 of 3rd period - Wrist shot by Daniel Carr.
15:33 of 3rd period - Shot Misses the Net.
16:22 of 3rd period - Icing by Sami Vatanen.
16:23 of 3rd period - Sidney Crosby wins face-off versus Kasperi Kapanen in Red Wings zone.
16:28 of 3rd period - Wrist shot by Sidney Crosby.
16:28 of 3rd period - Shot Misses the Net.
17:44 of 3rd period - Slapshot by Sam Gagner.
17:44 of 3rd period - Stopped by Darcy Kuemper without a rebound.
17:45 of 3rd period - Boone Jenner wins face-off versus Brandon Dubinsky in Sharks zone.
18:41 of 3rd period - Icing by Lars Eller.
18:42 of 3rd period - Boone Jenner wins face-off versus Mark Scheifele in Red Wings zone.
18:53 of 3rd period - Boone Jenner is hit by John Carlson and loses puck.
19:02 of 3rd period - Red Wings, Scott Wedgewood is pulled from the net.
19:12 of 3rd period - Slapshot by John Carlson.
19:12 of 3rd period - Shot Misses the Net.
19:14 of 3rd period - Wrist shot by Mark Scheifele.
19:14 of 3rd period - Stopped by Darcy Kuemper with a rebound.
19:24 of 3rd period - Snap shot by Andreas Johnsson.
19:24 of 3rd period - Goal by Andreas Johnsson - Red Wings : 1 - Sharks : 3.
19:24 of 3rd period - Scott Wedgewood from Red Wings was sent back in the game.
19:25 of 3rd period - Dylan Larkin wins face-off versus Mark Scheifele in neutral zone.
Goals for this period are 1 for Red Wings vs 1 for Sharks.
Shots for this period are 10 for Red Wings vs 11 for Sharks.